 Dungeon Crawl Stone Soup version 0.22-a0-192-g6ffc940 (webtiles) character file.

20 Amnesiac the Magician (level 2, -5/19 HPs)
             Began as a Mummy Earth Elementalist on Feb 16, 2018.
             Slain by a hobgoblin
             ... wielding a +0 whip
              (8 damage)
             ... on level 3 of the Dungeon.
             The game lasted 00:01:47 (828 turns).

Amnesiac the Magician (Mummy Earth Elementalist)     Turns: 828, Time: 00:01:48

Health: -5/19      AC:  2    Str: 11    XL:     2   Next: 58%
Magic:  6/6        EV: 12    Int: 14    God:
Gold:   12         SH:  0    Dex: 12    Spells: 6/7 levels left

rFire    x . .     SeeInvis .   a - +0 dagger (drain)
rCold    + . .     Gourm    .   (no shield)
rNeg     + + +     Faith    .   c - +0 robe
rPois    ∞         Spirit   .   (no helmet)
rElec    .         Reflect  .   (no cloak)
rCorr    .         Harm     .   (no gloves)
MR       .....                  (no boots)
Stlth    ++........             (no amulet)
HPRegen  0.06/turn              (no ring)
MPRegen  0.10/turn              (no ring)

@: no status effects
A: no food or potions, fire vulnerability, cold resistance 1, negative energy
resistance 3, torment resistance, unbreathing
a: no special abilities


You were on level 3 of the Dungeon.
You were not hungry.

You visited 1 branch of the dungeon, and saw 4 of its levels.

You collected 12 gold pieces.

Inventory:

Hand Weapons
 a - a +0 dagger of draining (weapon)
 b - a +0 blowgun
 j - a +0 hunting sling
Missiles
 g - 46 stones (quivered)
 h - 2 poisoned needles
Armour
 c - a +0 robe (worn)
 l - a +3 leather armour
Scrolls
 e - a scroll of blinking {!r, unknown}
 f - a scroll of amnesia {!r, unknown}
 i - 2 scrolls of identify {!r, unknown}
 k - a scroll of teleportation {!r, unknown}
Books
 d - a book of Geomancy

   Spells                             Type                      Level
   a - Sandblast                      Earth                        1
   b - Passwall                       Transmutation/Earth          2
   c - Stone Arrow                    Conjuration/Earth            3
   d - Petrify                        Transmutation/Earth          4
   e - Lee's Rapid Deconstruction     Earth                        5


   Skills:
 - Level 1.5 Dodging
 - Level 1.5 Stealth
 + Level 3.1 Spellcasting
   Level 0.7 Transmutations
 * Level 3.1 Earth Magic


You had 6 spell levels left.
You knew the following spells:

 Your Spells              Type           Power        Failure   Level  Hunger
a - Sandblast             Erth           ##....       6%          1    N/A

Dungeon Overview and Level Annotations

Branches:
Dungeon (4/15)
 Temple: D:4-7

Altars:

Annotations:
D:3 Robin


Innate Abilities, Weirdness & Mutations

You do not eat or drink.
Your flesh is vulnerable to fire.
You are immune to poison.
Your flesh is cold resistant. (rC+)
You are immune to negative energy. (rN+++)
You are immune to unholy pain and torment.
You can survive without breathing.


Message History

The blast of sand hits the goblin.
You kill the goblin!
g - 48 stones
Casting: Sandblast (safe; 6% risk of failure)
Confirm with . or Enter, or press ? or * to list all spells.
Aiming: Sandblast (safe; 6% risk of failure)
Press: ? - help, Shift-Dir - straight line, f - hobgoblin
Aim: a hobgoblin, wielding a club (unusually strong)
The blast of sand hits the hobgoblin.
The hobgoblin is moderately wounded.
g - 47 stones The hobgoblin closely misses you.
Casting: Sandblast (safe; 6% risk of failure)
Confirm with . or Enter, or press ? or * to list all spells.
You don't have enough magic to cast that spell.
Casting: Sandblast (safe; 6% risk of failure)
Confirm with . or Enter, or press ? or * to list all spells.
You don't have enough magic to cast that spell.
You barely miss the hobgoblin.
The hobgoblin is moderately wounded.
The hobgoblin hits you with a club.
You hit the hobgoblin but do no damage.
The hobgoblin is moderately wounded.
The hobgoblin hits you with a club.
Casting: Sandblast (safe; 6% risk of failure)
Confirm with . or Enter, or press ? or * to list all spells.
Aiming: Sandblast (safe; 6% risk of failure)
Press: ? - help, Shift-Dir - straight line, f/p - hobgoblin
Aim: a hobgoblin, wielding a club (moderately wounded, unusually strong)
The blast of sand hits the hobgoblin.
You kill the hobgoblin!
g - 46 stones Unknown command.
You start resting.
Your magical contamination has completely faded away.
Things that are here:
a club; 18 arrows; a goblin corpse
There is a stone staircase leading up here.
You start resting.
Magic restored.
You start resting.
Magic restored.
You start resting.
HP restored.
You start resting.
HP restored.
You climb upwards.
Level annotation: Robin A gnoll comes into view.
It is wielding a club.
The hobgoblin hits you with a whip. The adder bites you but does no damage.
Robin roars a battlecry!
The goblins go into a battle-frenzy!
The hobgoblin hits you with a club. The goblin completely misses you.
The goblin hits you with a dagger. The hobgoblin barely misses you.
The adder bites you.
* * * LOW HITPOINT WARNING * * *
The goblin hits you.
* * * LOW HITPOINT WARNING * * *
The hobgoblin hits you but does no damage.
The gnoll shouts! x2
There is a stone staircase leading down here.
The adder barely misses you. The goblin barely misses you.
The hobgoblin hits you with a whip!
You die...

####....###.
#...>.g.5...#
#...#.g.......#
#.##..........#
#.##gS..S....(#
#######.#gg...g.....#
#...................#
#...ggg).....g§.....#
#...g@Sb............
###########..


You could see Robin, 3 gnolls, an adder, 2 hobgoblins, 2 goblins, a bat and a
ball python.

Vanquished Creatures
  2 leopard geckos
  A giant cockroach (D:2)
  A hobgoblin (D:4)
  A frilled lizard (D:4)
  8 goblins
  4 kobolds
  2 rats
19 creatures vanquished.

Notes
Turn   | Place    | Note
-------+----------+-------------------------------------------
     0 | D:1      | Amnesiac the Mummy Earth Elementalist began the quest for the Orb.
     0 | D:1      | Reached XP level 1. HP: 13/13 MP: 4/4
   177 | D:2      | Reached XP level 2. HP: 19/19 MP: 1/5
   409 | D:3      | Noticed Robin
   411 | D:3      | Noticed a crimson imp
   828 | D:3      | Slain by a hobgoblin

Vault maps used:
D:1:      onia_arrival_mini_spirals, kennysheep_small_spiral
D:2:      minmay_wonky_spiral, nicolae_tso_swordbearing_angel,
          nemelex_xobeh_ov_fountains_minmay, uniq_natasha
D:3:      led_xom_imps, uniq_robin, uniq_jessica, uniq_terence
D:4:      kennysheep_little_box, evilmike_ruin_ashenzari, first_ration,
          serial_shops, nicolae_shop_crystal

Skill      XL: |  1  2 |
---------------+-------+-----
Spellcasting   | 3 |  3.1
Earth Magic    | 3 |  3.1
Dodging        | |  1.5
Stealth        | |  1.5
Transmutations | |  0.7

Action                   || total
-------------------------++-------
Melee: Unarmed           ||     9
       Dagger            ||    12
 Fire: Blowgun           ||     8
Throw: Stone             ||     2
 Cast: Sandblast         ||    25
Armor: Robe              ||     9
Dodge: Dodged            ||    34

Table legend:
 A = Spawn XP
 B = Non-spawn XP
 C = Spawn XP percentage of total XP
 D = Spawn monster count
 E = Non-spawn monster count
 F = Spawn count percentage of total count
 G = Total turns spent on level
                    A         B        C        D         E        F      G
               +---------+---------+-------+---------+---------+-------+---------
         Total |       0 |      29 |   0.0 |       0 |      19 |   0.0 |   828
               +---------+---------+-------+---------+---------+-------+---------
           D:1 |       0 |       6 |   0.0 |       0 |       4 |   0.0 |   108
           D:2 |       0 |       6 |   0.0 |       0 |       3 |   0.0 |   100
           D:3 |       0 |       8 |   0.0 |       0 |       5 |   0.0 |   212
           D:4 |       0 |       9 |   0.0 |       0 |       7 |   0.0 |   408
               +---------+---------+-------+---------+---------+-------+---------
